Unix NetHack Version 5.0.0-0 post-release - last build May  3 2026 23:40:34 (9823c992c0763bbd039eca2974112f46eaf799b3,branch:main).

Game began 2026-05-04 19:52:58, ended 2026-05-04 21:02:05.

BaeHund, lawful female human Knight

  -------------
  |...........-       -----                    ---------
  |...........|      #|...+                    |.......|
  |...........|      #-...|    -------         |.......|        ----------
  |............      #|...|    |.....-#        |.......|        |.....<..|
  -----------.-      #|....#   |.....|#        |.......|       #......%%.+
             #       #-----#   |...>.|#######  |........#      #|........|
             #    #############-.....|###   #  ----|----#      #----------
            ##    #           #|.....|#            #   ##      #
            ##0#####          #-------#  #     ###### ###### ###
           #######0#############  0########    ###     # # ###
                                        ### -----|-          #
                                         ###......|
                                           #|.....|
                                           #|{....| @
                                           #-------B#
                                           #########

BaeHund the Bachelor     St:15 Dx:8 Co:12 In:9 Wi:14 Ch:17  Lawful
Dlvl:6  $:168 HP:0(51) Pw:48(48) AC:5  Xp:6 T:3811 

Latest messages:
 You can see again.
 You hit the raven.
 You hit the raven.
 The raven bites!
 The raven blinds you!
 Pick a monster, object or location.
 The raven bites!
 You hit the raven.
 The raven bites!
 You miss the raven.
 You hit the raven.
 You can see again.
 You miss the raven.
 The raven bites!
 The raven blinds you!
 You can see again.
 You hit the raven.
 Your hands stop glowing red.
 The raven appears confused.
 You descend the stairs.
 The killer bee misses!
 The killer bee stings!
 You climb up the stairs.
 You try to move the boulder, but in vain.
 You try to move the boulder, but in vain.
 The giant bat bites!
 You already found a monster.  Use 'm' prefix to force another search.
 You hit the giant bat.
 The giant bat bites!
 The giant bat bites!
 You hit the giant bat.
 The giant bat bites!
 The giant bat just misses!
 You hit the giant bat.
 The giant bat bites!
 The giant bat bites!
 You miss the giant bat.
 The giant bat bites!
 The giant bat misses!
 You hit the giant bat.
 The giant bat misses!
 The giant bat bites!
 You hit the giant bat.
 The giant bat bites!
 You die...
 Do you want your possessions identified? [ynq] (y) y
 Do you want to see your attributes? [ynq] (y) n
 Do you want an account of creatures vanquished? [ynaq] (y) n
 Do you want to see your conduct and achievements? [ynq] (y) n
 Do you want to see the dungeon overview? [ynq] (y) n

Inventory:
 Coins    ('$')
  $ - 168 gold pieces
 Armor    ('[')
  d - an uncursed +0 helmet (being worn)
  c - an uncursed +1 ring mail (being worn)
 Comestibles  ('%')
  g - 12 uncursed apples
  q - an uncursed clove of garlic
  l - 3 uncursed food rations
  D - 2 uncursed tins of boiled rothe meat
 Scrolls  ('?')
  Q - an uncursed scroll of blank paper
  K - a cursed scroll of enchant weapon
  N - an uncursed scroll of gold detection
 Spellbooks  ('+')
  O - an uncursed spellbook of healing
 Potions  ('!')
  s - an uncursed potion of booze
  w - an uncursed potion of fruit juice
  p - an uncursed potion of gain energy
  J - an uncursed potion of levitation
  t - an uncursed potion of monster detection
  i - 2 uncursed potions of object detection
  L - an uncursed potion of paralysis
  u - an uncursed potion of see invisible
 Rings    ('=')
  F - an uncursed ring of invisibility
  y - an uncursed ring of poison resistance
 Wands    ('/')
  o - a wand of polymorph (0:3)
 Tools    ('(')
  e - an uncursed skeleton key
  B - a blessed tallow candle
 Gems/Stones  ('*')
  n - an uncursed touchstone

BaeHund the Knight's attributes:

Background:
 You were a Bachelor, a level 6 female human Knight.
 You were lawful, on a mission for Lugh
 who was opposed by Brigit (neutral) and Manannan Mac Lir (chaotic).
 You were right-handed.
 You were in the Dungeons of Doom, on level 6.
 You entered the dungeon 3811 turns ago.
 There was a full moon in effect when your adventure ended.
 You had 516 experience points, 124 more were needed to attain level 7.

Basics:
 You had 0 out of 51 hit points.
 You had all 48 energy points (spell power).
 Your armor class was 5.
 Your wallet contained 168 zorkmids.
 Autopickup was off.

Final Characteristics:
 Your strength was 15 (limit:18/100).
 Your dexterity was 8 (limit:18).
 Your constitution was 12 (limit:18).
 Your intelligence was 9 (limit:18).
 Your wisdom was 14 (limit:18).
 Your charisma was 17 (limit:18).

Final Status:
 You weren't hungry.
 You were unencumbered.
 You were bare handed.
 You were unskilled in bare handed combat.

Final Attributes:
 You were piously aligned.
 You were telepathic.
 You could jump.
 You were warded.
 You were lucky.
 You are dead.

Miscellaneous:
 You didn't encounter any bones levels.
 Total elapsed playing time was 1 hour, 9 minutes and 6 seconds.

Major events:
 Turn
    1: BaeHund the lawful female human Knight entered the dungeon
  914: entered the Gnomish Mines
 1035: attained the rank of Esquire (level 3)
 1692: reached Mine Town
 1773: attained the rank of Bachelor (level 6)
 2343: was given Excalibur by the Lady of the Lake
 3811: killed by a giant bat

You didn't know any spells.

Skills:
 Fighting Skills
   bare handed combat [Unskilled]
   two weapon combat  [Unskilled]
   riding             [Basic]
 Weapon Skills
   dagger             [Unskilled]
   knife              [Unskilled]
   axe                [Unskilled]
   pick-axe           [Unskilled]
   short sword        [Unskilled]
   broadsword         [Unskilled]
   long sword         [Skilled]
   two-handed sword   [Unskilled]
   saber              [Unskilled]
   club               [Unskilled]
   mace               [Unskilled]
   morning star       [Unskilled]
   flail              [Unskilled]
   hammer             [Unskilled]
   polearms           [Unskilled]
   spear              [Unskilled]
   trident            [Unskilled]
   lance              [Basic]
   bow                [Unskilled]
   crossbow           [Unskilled]
 Spellcasting Skills
   attack spells      [Unskilled]
   healing spells     [Unskilled]
   clerical spells    [Unskilled]

Voluntary challenges:
 Character rerolling was not enabled.
 You never genocided any monsters.
 You never polymorphed an object.
 You never changed form.
 You used no wishes.
Achievements:
 You entered the Gnomish Mines.
 You attained the rank of Esquire.
 You entered Minetown.
 You entered a shop.
 You attained the rank of Bachelor.
 You entered a temple.

 The Dungeons of Doom: levels 1 to 7
    Level 1:
       An altar to Lugh.
    Level 2:
       A general store, some graves.
       Stairs down to The Gnomish Mines.
    Level 3:
       A fountain.
    Level 4:
       A fountain.
    Level 5:
    Level 6: <- You were here.
       A sink.
       Final resting place for
          you, killed by a giant bat.
    Level 7:
 The Gnomish Mines: levels 3 to 6
    Level 3:
    Level 4:
    Level 5:
       Many shops, a temple and an altar, some fountains.
    Level 6:


Vanquished creatures:
  a bugbear
 an imp
  a pony
  a yellow light
  7 gnome leaders
  2 gnomish wizards
  a kobold mummy
  4 giant ants
  a dwarf
  2 homunculi
  a kobold shaman
  a hill orc
  a rothe
  a rabid rat
  2 iguanas
 an acid blob
  2 hobgoblins
 19 gnomes
  a gnome zombie
  6 jackals
  2 foxes
  2 goblins
  2 sewer rats
  6 grid bugs
  4 lichens
  3 newts
75 creatures vanquished.

No species were genocided or became extinct.

Game over:
                       ----------
                      /          \
                     /    REST    \
                    /      IN      \
                   /     PEACE      \
                  /                  \
                  |     BaeHund      |
                  |      168 Au      |
                  |   killed by a    |
                  |    giant bat     |
                  |                  |
                  |                  |
                  |       2026       |
                 *|     *  *  *      | *
        _________)/\\_//(\/(/\)/\//\/|_)_______

Fare thee well BaeHund the Knight...

You died in The Dungeons of Doom on dungeon level 6 with 2526 points,
and 168 pieces of gold, after 3811 moves.
You were level 6 with a maximum of 51 hit points when you died.

